 Dungeon Crawl Stone Soup version 0.27-a0-998-g4cfe56dd59 (webtiles) character file.

Game seed: 13716639689325167170

342137 Feb132020 the Sorcerer (level 21, 128/128 (129) HPs)
             Began as a Deep Elf Hedge Wizard on Feb 15, 2021.
             Was an Initiate of Ashenzari.
             Quit the game on level 2 of the Vaults on Apr 17, 2021.
             The game lasted 07:39:39 (66817 turns).

Feb132020 the Sorcerer (Deep Elf Hedge Wizard)     Turns: 66817, Time: 07:39:40

HP:   128/128 (129) AC: 23    Str:  7    XL:     21   Next: 10%
MP:   52/52         EV: 20    Int: 32    God:    Ashenzari [......]
Gold: 1163          SH: 15    Dex: 26    Spells: 4/70 levels left

rFire    . . .     SeeInvis .   b - +4 dagger of Accidental Termination {vorpal, rC+ Will+ Stlth+}
rCold    + . .     Faith    .   O - +3 buckler
rNeg     . . .     Spirit   .   E - +3 robe of Clouds {+Thunder rCloud rElec}
rPois    .         Reflect  +   f - +3 helmet "Ithrehuz" {Fly}
rElec    +         Harm     .   z - +2 cloak {Stlth+}
rCorr    .         Rampage  .   C - +2 pair of gloves
Will     +++..                  l - +2 pair of boots
Stlth    ++++++++++             K - amulet of reflection
HPRegen  0.31/turn              P - ring "Saugut" {AC+4 Dex+3}
MPRegen  0.33/turn              R - ring of Cenostry {Int+6 Dex+3 Stlth+}

@: lightly drained
A: thin skeletal structure 1, robust 1, shaggy fur 1
}: 2/15 runes: serpentine, barnacled
a: Renounce Religion, Evoke Thunderclouds


You were on level 2 of the Vaults.
You worshipped Ashenzari.
Ashenzari was noncommittal.
You visited 7 branches of the dungeon, and saw 33 of its levels.
You also visited: Gauntlet, Volcano and Wizlab.

You collected 4006 gold pieces.
You spent 2843 gold pieces at shops.

Inventory:

Hand Weapons
 b - the +4 dagger of Accidental Termination (weapon) {vorpal, rC+ Will+ Stlth+}
   (You found it on level 1 of the Shoals)

   It inflicts extra damage upon your enemies.
   It protects you from cold.
   It increases your willpower.
   It makes you more stealthy.
Missiles
 t - 142 poisoned darts (quivered)
Armour
 d - a +1 robe of positive energy
 f - the +3 helmet "Ithrehuz" (worn) {Fly}
   (You found it on level 6 of the Lair of Beasts)

   It grants you flight.
 l - a +2 pair of boots (worn)
 z - a +2 cloak of stealth (worn)
 C - a +2 pair of gloves (worn)
 E - the +3 robe of Clouds (worn) {+Thunder rCloud rElec}
   (You took it off a Cloud Mage in a wizard's laboratory)

   It insulates you from electricity.
 O - a +3 buckler (worn)
 V - a +2 robe of cold resistance
Jewellery
 j - a ring of positive energy
 s - the ring of Satisfaction {Fly rElec Will+ Stlth-}
   (You found it in a wizard's laboratory)

   [ring of flight]

   It insulates you from electricity.
   It grants you flight.
   It increases your willpower.
   It makes you less stealthy.
 F - a +6 ring of dexterity
 K - an amulet of reflection (around neck)
 P - the ring "Saugut" (left hand) {AC+4 Dex+3}
   (You bought it in a shop on level 2 of the Orcish Mines)

   [ring of protection]

   It affects your AC (+4).
   It affects your dexterity (+3).
 R - the ring of Cenostry (right hand) {Int+6 Dex+3 Stlth+}
   (You bought it in a shop on level 3 of the Snake Pit)

   [ring of intelligence]

   It affects your intelligence (+6).
   It affects your dexterity (+3).
   It makes you more stealthy.
 X - a +4 ring of evasion
Wands
 a - a wand of acid (16)
 e - a wand of flame (49)
 h - a wand of paralysis (34)
 m - a wand of mindburst (63)
 Q - a wand of iceblast (45)
 T - a wand of digging (5)
 W - a wand of charming (18)
Scrolls
 c - 3 scrolls of holy word
 i - 7 scrolls of blinking
 k - a scroll of silence
 n - 8 scrolls of amnesia
 q - 6 scrolls of immolation
 r - 7 scrolls of teleportation
 w - a scroll of brand weapon
 x - 3 scrolls of fog
 y - 2 scrolls of enchant armour
 A - 6 scrolls of magic mapping
 N - 11 scrolls of identify
 Z - 2 scrolls of fear
Potions
 g - 3 potions of heal wounds
 o - 8 potions of brilliance
 p - 2 potions of flight
 u - 5 potions of cancellation
 v - 7 potions of curing
 B - 2 potions of magic
 G - 2 potions of resistance
 L - 3 potions of mutation
 S - 2 potions of invisibility
 U - 3 potions of haste
Miscellaneous
 D - a phantom mirror
 H - a lightning rod (4/4)
 M - a phial of floods


   Skills:
 * Level 8.4 Fighting
 + Level 7.7 Short Blades
 + Level 2.6 Throwing
 + Level 8.8 Dodging
 + Level 13.7 Stealth
 + Level 4.1 Shields
 * Level 25.1 Spellcasting
 + Level 17.6 Conjurations
 + Level 8.0 Hexes
 * Level 11.1 Summonings
 + Level 3.2 Necromancy
 + Level 4.8 Translocations
 + Level 0.5 Transmutations
 + Level 8.3 Fire Magic
 + Level 3.5 Air Magic
 + Level 8.3 Earth Magic
 + Level 6.3 Evocations


You had 4 spell levels left.
You knew the following spells:

 Your Spells              Type           Power      Damage    Failure   Level
a - Magic Dart            Conj           100%       1d8       0%          1
b - Bolt of Magma         Conj/Fire/Erth 42%        4d18      1%          5
c - Mephitic Cloud        Conj/Pois/Air  71%        N/A       1%          3
d - Orb of Destruction    Conj           50%        9d15      1%          7
e - Borgnjor's Vile Clut  Necr/Erth      33%        N/A       1%          5
f - Spellforged Servitor  Conj/Summ      46%        N/A       1%          7
g - Summon Guardian Gole  Hex/Summ       80%        N/A       1%          3
h - Lesser Beckoning      Tloc           31%        N/A       1%          3
i - Iskenderun's Battles  Conj           100%       2d15      0%          5
l - Lee's Rapid Deconstr  Erth           38%        3d20*     1%          5
s - Sticky Flame          Conj/Fire      89%        2d10      1%          4
y - Yara's Violent Unrav  Hex/Tmut       30%        3d13      3%          5
A - Apportation           Tloc           100%       N/A       1%          1
B - Blink                 Tloc           N/A        N/A       1%          2
F - Cause Fear            Hex            37%        N/A       1%          4
I - Call Imp              Summ           84%        N/A       0%          2
L - Summon Lightning Spi  Summ/Air       72%        N/A       1%          4

Your spell library contained the following spells:

 Spells                   Type           Power      Damage    Failure   Level
 Shock                    Conj/Air       100%       1d9       0%          1
 Summon Small Mammal      Summ           100%       N/A       0%          1
 Searing Ray              Conj           100%       3d7       0%          2
 Conjure Flame            Conj/Fire      89%        6-21      0%          3
 Stone Arrow              Conj/Erth      100%       3d13      0%          3
 Beastly Appendage        Tmut           86%        N/A       1%          1
 Corona                   Hex            83%        N/A       1%          1
 Freeze                   Ice            100%       1d11      1%          1
 Pain                     Necr           100%       1d9       1%          1
 Sting                    Tmut/Pois      100%       1d8       1%          1
 Poisonous Vapours        Pois/Air       100%       N/A       1%          2
 Slow                     Hex            75%        N/A       1%          2
 Sublimation of Blood     Necr           28%        N/A       1%          2
 Wereblood                Tmut           43%        N/A       1%          2
 Ignite Poison            Fire/Tmut/Pois 56%        N/A       1%          3
 Inner Flame              Hex/Fire       75%        N/A       1%          3
 Portal Projectile        Hex/Tloc       100%       N/A       1%          3
 Tukima's Dance           Hex            75%        N/A       1%          3
 Animate Armour           Summ/Erth      100%       N/A       1%          4
 Leda's Liquefaction      Hex/Erth       37%        N/A       1%          4
 Petrify                  Tmut/Erth      62%        N/A       1%          4
 Ice Form                 Ice/Tmut       42%        N/A       6%          4
 Irradiate                Conj/Tmut      39%        3d27      1%          5
 Silence                  Hex/Air        33%        N/A       1%          5
 Conjure Ball Lightning   Conj/Air       41%        3x3d13    1%          6
 Iron Shot                Conj/Erth      44%        9d9       1%          6
 Invisibility             Hex            75%        N/A       3%          6
 Summon Hydra             Summ           42%        N/A       5%          7
 Alistair's Intoxication  Tmut/Pois      28%        N/A       16%         5
 Statue Form              Tmut/Erth      41%        N/A       16%         6
 Eringya's Noxious Bog    Tmut/Pois      21%        N/A       65%         6
 Ozocubu's Refrigeration  Ice            20%        4d9       99%         7
 Shatter                  Erth           38%        3d30*     100%        9
 Tornado                  Air            29%        N/A       100%        9


Dungeon Overview and Level Annotations

Branches:
Dungeon (14/15)            Temple (1/1) D:4            Lair (6/6) D:9
 Shoals (4/4) Lair:4        Snake (4/4) Lair:2        Slime (0/5) Lair:5
    Orc (2/2) D:11            Elf (0/3) Orc:2        Vaults (2/5) D:14
  Crypt (0/3) Vaults:2    Volcano (visited)          WizLab (visited)
Gauntlet (visited)

Altars:
Ashenzari
Cheibriados
Dithmenos
Elyvilon
Fedhas
Gozag
Hepliaklqana
Kikubaaqudgha
Makhleb
Nemelex Xobeh
Okawaru
Qazlal
Ru
Sif Muna
Trog
Uskayaw
Vehumet
Wu Jian
Xom
Yredelemnul
Zin
The Shining One
Jiyva

Shops:
D:4 [   D:13 ?   Orc:2 :?:*   Shoals:2 *   Shoals:4 ?   Snake:3 =
Vaults:1 =:=

Portals:
Hell: Lair:6

Annotations:
D:5 2 transporters, MrTvister's ghost, novice SpEn
D:9 2 transporters, dricus's ghost, novice GnWz
D:10 2 transporters, Jano's ghost, journeyman VSMo
D:11 2 transporters, Soborki's ghost, journeyman MiBe
Lair:3 exclusion: oklob plant
Lair:5 exclusion: oklob plant


Innate Abilities, Weirdness & Mutations

You have a somewhat thin skeletal structure. (Dex +2, Stealth)
You are robust. (+10% HP)
You are covered in fur. (AC +1)


Message History

You kill the orc priest!
Magic restored.
Items here: )) [[ †.
There is a large open door here.
Items here: )) [[[.
Things that are here:
a +1 battleaxe of flaming; a +0 chain mail; an orc corpse
Items here: )) [[ †.
There is a large open door here.
A vault sentinel comes into view. It is wielding a +0 falchion.
There is an open gate here.
There is an open door here.
There is an open door here.
The helpless vault sentinel fails to defend itself.
You skewer the vault sentinel like a kebab!!!!!
You kill the vault sentinel!
Things that are here:
a +0 falchion; a +0 ring mail; a human corpse
There is an open door here.
There is an open door here.
There is an open gate here.
There is a large open door here.
Items here: )) [[[.
Things that are here:
a +1 battleaxe of flaming; a +0 chain mail; an orc corpse
There is an open door here.
There is an open door here.
Things that are here:
a +0 giant club; an ogre skeleton
Things that are here:
a +0 flail; a +0 robe; an ogre skeleton
There is an open door here.
There is an open door here.
There is an open door here.
Done exploring.
Saving game... please wait.
Welcome back, Feb132020 the Deep Elf Hedge Wizard.
Ashenzari says: Partake of my vision.
Partake of my curse.
Press ? for a list of commands and other information.
Are you sure you want to abandon this character and quit the game? (Confirm with "yes".)

#..........##...##.#.....#.#..
#..........##...##.##...##.#..
#..........'..⌠..'..##.##..#..
#..........##...##...###...#..
#....[.....##...##....#....#..
############..⌠..'...###...'..
##...##..##.##..###
##...##.##...##.#
#.@...'.#.....#.#
#######.........# ###########


There were no monsters in sight!

Vanquished Creatures
  A Cloud Mage (WizLab)
  Rupert (D:12)
  The ghost of Lioguxoh the Ruinous, an adept TeFE of Vehumet (Snake:4)
  A tengu reaver (Vaults:1)
  9 nagarajas
  Ilsuiw (Shoals:4)
  Roxanne (Snake:3)
  2 vault wardens (Vaults:2)
  A ghoul (Vaults:2)
  4 ironbound preservers
  2 stone giants (Vaults:2)
  A vampire knight (Vaults:2)
  Nessos (D:12)
  A spark wasp (WizLab)
  Snorg (D:12)
  A blizzard demon (WizLab)
  6 merfolk javelineers
  An ettin (Orc:1)
  5 merfolk impalers
  A fire dragon (Vaults:2)
  A rakshasa (Vaults:1)
  3 boulder beetles
  2 yaktaur captains (Vaults:2)
  5 vault guards (D:14)
  7 hydras
  Erica (Orc:1)
  9 naga warriors
  3 ogre magi
  2 ghost crabs (WizLab)
  3 merfolk aquamancers (Shoals:4)
  A catoblepas (Lair:6)
  5 centaur warriors
  4 merfolk avatars
  2 satyrs
  5 death knights
  2 deep troll earth magi (Vaults:1)
  20 anacondas
  A tengu warrior (D:14)
  12 two-headed ogres
  13 shock serpents
  5 orc high priests
  2 vampire magi (Vaults:2)
  6 death yaks
  12 naga sharpshooters
  A sixfirhy (Lair:6)
  2 death drakes (WizLab)
  3 shadow wraiths (Vaults:2)
  4 unseen horrors
  6 salamander mystics (Snake:4)
  8 deep trolls (Vaults:1)
  14 sea snakes
  5 skeletal warriors (D:14)
  5 ironbound convokers
  5 naga ritualists
  An orange crystal statue (Vaults:2)
  A deep elf archer (Vaults:2)
  A necromancer (Vaults:2)
  4 wizards
  6 harpies
  A phantasmal warrior (Vaults:2)
  12 mana vipers
  4 wolf spiders
  7 lindwurms
  5 orc knights
  2 deep elf pyromancers
  5 orc sorcerers
  An orb spider (shapeshifter) (Vaults:1)
  3 deep elf zephyrmancers (Vaults:2)
  3 fauns
  A tengu skeleton (Vaults:2)
  13 ugly things
  5 cyclopes
  A stone giant zombie (Vaults:2)
  13 salamanders
  11 merfolk sirens
  18 manticores
  9 guardian serpents
  2 apocalypse crabs (WizLab)
  9 elephants
  3 vault sentinels (Vaults:2)
  20 naga magi
  7 water nymphs
  40 black mambas
  A molten gargoyle (Volcano)
  4 orange demons (Lair:6)
  A gargoyle (D:10)
  2 torpor snails
  10 cane toads
  8 rime drakes
  15 komodo dragons
  A kobold demonologist (D:13)
  8 yaktaurs
  2 tengu conjurers (D:14)
  A hellwing (Lair:6)
  6 freezing wraiths
  2 ice devils (Lair:6)
  18 merfolk
  8 wind drakes
  4 trolls
  23 slime creatures
  13 dream sheep
  2 hornets
  12 snapping turtles
  33 blink frogs
  Sigmund (D:3)
  7 air elementals (WizLab)
  6 water elementals (Shoals:4)
  A vampire (D:13)
  8 basilisks
  31 yaks
  3 wyverns
  7 wraiths
  2 fire elementals
  3 wargs
  4 vampire mosquitoes (D:12)
  A removed soldier ant (D:13)
  An acid dragon (D:14)
  25 nagas
  21 water moccasins
  3 hell hounds (Lair:6)
  6 black bears
  4 sky beasts
  2 ice beasts
  29 orc warriors
  19 wolves
  7 boggarts
  26 ogres
  23 centaurs
  5 kobold brigands
  6 phantoms
  19 bullfrogs
  5 earth elementals (Volcano)
  A gnoll sergeant (D:11)
  A wyvern zombie (D:14)
  3 scorpions
  9 jellies
  12 killer bees
  15 wights
  5 electric eels
  A howler monkey (D:10)
  2 bullfrog zombies
  A quasit (D:8)
  2 centaur zombies
  18 orc priests
  8 hounds
  2 bullfrog skeletons
  3 iguanas
  Jessica (D:3)
  18 orc wizards
  4 hell rats (Lair:5)
  9 removed worker ants
  2 removed worker ant zombies
  A howler monkey skeleton (D:4)
  10 adders
  8 gnolls
  A shadow imp (D:8)
  16 white imps
  An ufetubus (D:5)
  4 endoplasms
  3 adder zombies
  3 adder skeletons
  6 worms
  68 orcs
  7 removed leopard geckos
  A ball python (D:1)
  6 bats
  8 giant cockroaches
  2 hobgoblins
  17 jackals
  7 quokkas
  8 frilled lizards
  7 goblins
  A jackal skeleton (D:5)
  29 kobolds
  9 rats
  10 butterflies (Vaults:1)
  2 fire vortices (Volcano)
  2 tentacles
1232 creatures vanquished.

Vanquished Creatures (collateral kills)
  Vashnia (Snake:3)
  2 krakens
  3 nagarajas
  Aizul (Snake:3)
  An ironbound preserver (Vaults:1)
  Azrael (Snake:3)
  A merfolk javelineer (Shoals:4)
  A blizzard demon (WizLab)
  A deep elf death mage (Vaults:1)
  A merfolk impaler (Shoals:1)
  An ice dragon (Vaults:2)
  2 anacondas (Snake:4)
  6 naga warriors
  3 merfolk aquamancers (Shoals:4)
  7 naga sharpshooters
  A shock serpent (Snake:2)
  A salamander mystic (Snake:3)
  A deep elf archer (Vaults:1)
  2 deep trolls (Vaults:1)
  2 orc knights (Vaults:2)
  A death drake (WizLab)
  A mana viper (Snake:4)
  A lindwurm (Snake:4)
  An ugly thing (Vaults:2)
  An orc sorcerer (Vaults:2)
  A frost giant zombie (Vaults:2)
  A salamander (Snake:3)
  A guardian serpent (Snake:4)
  An apocalypse crab (WizLab)
  2 black mambas
  5 naga magi
  5 yaktaurs (Vaults:2)
  2 wind drakes
  A slime creature (Vaults:2)
  A fire elemental (Snake:3)
  2 air elementals (WizLab)
  A human (D:14)
  5 nagas
  A warg (Vaults:2)
  2 hell hounds (Snake:3)
  3 orc warriors (Vaults:2)
  4 centaurs
  A wight (D:13)
  3 removed worker ants
  A gnoll (D:11)
  5 orcs (Vaults:2)
92 creatures vanquished.

Vanquished Creatures (others)
  A salamander (Snake:4)
  An apocalypse crab (WizLab)
  A wind drake (WizLab)
  92 fungi
  150 plants
  8 tentacles
253 creatures vanquished.

Grand Total: 1577 creatures vanquished

Notes
Turn   | Place    | Note
-------+----------+-------------------------------------------
     0 | D:1      | Feb132020 the Deep Elf Hedge Wizard began the quest for the
                  | Orb.
     0 | D:1      | Reached XP level 1. HP: 10/10 MP: 7/7
   128 | D:1      | Reached skill level 5 in Spellcasting
   192 | D:1      | Reached XP level 2. HP: 8/15 MP: 5/10
  1096 | D:1      | Reached XP level 3. HP: 3/19 MP: 7/12
  1552 | D:1      | Learned a level 2 spell: Blink
  2139 | D:2      | Found a sparkling altar of Nemelex Xobeh.
  2338 | D:2      | Found a faded altar of an unknown god.
  2362 | D:2      | Reached skill level 6 in Spellcasting
  2393 | D:2      | Reached XP level 4. HP: 24/24 MP: 7/14
  2524 | D:1      | Learned a level 2 spell: Call Imp
  2580 | D:2      | Reached skill level 1 in Short Blades
  3048 | D:3      | Noticed Sigmund
  3273 | D:3      | Reached XP level 5. HP: 21/28 MP: 5/15
  3864 | D:3      | Noticed Jessica
  3867 | D:3      | Killed Jessica
  4540 | D:3      | Killed Sigmund
  4541 | D:3      | Reached skill level 7 in Spellcasting
  4541 | D:3      | Reached XP level 6. HP: 33/33 MP: 13/18
  4848 | D:4      | Found a staircase to the Ecumenical Temple.
  4854 | Temple   | Entered the Ecumenical Temple
  5150 | Temple   | Became a worshipper of Ashenzari the Shackled
  5388 | D:4      | Reached XP level 7. HP: 8/37 MP: 7/19
  5909 | D:4      | Found a basalt altar of Yredelemnul.
  5969 | D:4      | Found Atwoluoz's Antique Armour Emporium.
  6124 | D:5      | Entered Level 5 of the Dungeon
  6173 | D:5      | Learned a level 3 spell: Conjure Flame
  6560 | D:4      | Learned a level 3 spell: Mephitic Cloud
  6573 | D:5      | Reached skill level 1 in Fighting
  6788 | D:5      | Found a transporter.
  6790 | D:5      | Found a transporter.
  6790 | D:5      | Noticed MrTvister's ghost (novice SpEn)
  7565 | D:5      | Reached skill level 8 in Spellcasting
  7716 | D:5      | Reached * piety under Ashenzari
  8067 | D:5      | Found a glowing golden altar of the Shining One.
  8418 | D:5      | Reached XP level 8. HP: 29/43 MP: 17/22
  8879 | D:6      | Reached skill level 9 in Spellcasting
  8995 | D:6      | Reached skill level 5 in Conjurations
  9012 | D:6      | Learned a level 5 spell: Iskenderun's Battlesphere
  9492 | D:6      | Reached skill level 10 in Spellcasting
  9817 | D:6      | Reached ** piety under Ashenzari
  9987 | D:6      | Found a shimmering blue altar of Sif Muna.
 10344 | D:6      | Reached skill level 5 in Stealth
 10344 | D:6      | Reached XP level 9. HP: 32/47 MP: 21/25
 10647 | D:7      | Found an opulent altar of Gozag.
 10736 | D:7      | Reached skill level 11 in Spellcasting
 11294 | D:7      | Reached skill level 5 in Dodging
 11294 | D:7      | Reached skill level 1 in Air Magic
 11294 | D:7      | Reached skill level 1 in Poison Magic
 11593 | D:7      | Upgraded the game from 0.27-a0-345-g7370b58738 to
                  | 0.27-a0-362-g8331d791d5
 12025 | D:8      | Found a radiant altar of Vehumet.
 12388 | D:9      | Reached *** piety under Ashenzari
 12451 | D:9      | Reached skill level 12 in Spellcasting
 12743 | D:9      | Noticed a six-headed hydra
 12749 | D:9      | Found a transporter.
 12945 | D:8      | Reached XP level 10. HP: 40/52 MP: 28/28
 13112 | D:9      | Noticed dricus's ghost (novice GnWz)
 13179 | D:9      | Noticed a moth of wrath
 13358 | D:9      | Found a staircase to the Lair.
 13378 | Lair:1   | Entered Level 1 of the Lair of Beasts
 13511 | D:9      | Found a transporter.
 13518 | D:9      | Noticed a fire dragon
 13710 | D:9      | Noticed a two-headed ogre
 13712 | D:9      | Killed a two-headed ogre
 13713 | D:9      | Reached skill level 13 in Spellcasting
 13830 | D:9      | Noticed a two-headed ogre
 13856 | D:9      | Killed a two-headed ogre
 14383 | Lair:1   | Noticed a seven-headed hydra
 14392 | D:9      | Reached skill level 5 in Short Blades
 14704 | Lair:1   | Noticed a black mamba
 15047 | Lair:1   | Killed a black mamba
 15048 | Lair:1   | Reached XP level 11. HP: 47/56 MP: 17/30
 15187 | Lair:1   | Reached **** piety under Ashenzari
 15276 | Lair:1   | Killed a seven-headed hydra
 15277 | Lair:1   | Reached skill level 10 in Conjurations
 15570 | Lair:1   | Reached skill level 14 in Spellcasting
 16356 | Lair:2   | Identified a scroll of acquirement
 16364 | Lair:2   | Acquired 1057 gold pieces
 17105 | Lair:2   | Found a staircase to the Snake Pit.
 17258 | Lair:2   | Reached skill level 15 in Spellcasting
 17942 | Lair:2   | Reached XP level 12. HP: 61/61 MP: 18/33
 18488 | D:10     | Entered Level 10 of the Dungeon
 18813 | D:10     | Reached ***** piety under Ashenzari
 19325 | D:10     | Found a transporter.
 19325 | D:10     | Found a transporter.
 19329 | D:10     | Noticed Jano's ghost (journeyman VSMo)
 19704 | D:11     | Found a staircase to the Orcish Mines.
 20028 | D:11     | Found a transporter.
 20028 | D:11     | Noticed Soborki's ghost (journeyman MiBe)
 20067 | D:11     | Found a transporter.
 20416 | D:11     | Noticed a death knight
 20441 | D:11     | Killed a death knight
 20647 | D:11     | Noticed a boulder beetle
 21006 | D:11     | Upgraded the game from 0.27-a0-362-g8331d791d5 to
                  | 0.27-a0-379-g34d631faf5
 21043 | D:11     | Killed a boulder beetle
 21044 | D:11     | Reached skill level 16 in Spellcasting
 21104 | D:12     | Noticed Rupert
 21180 | D:12     | Noticed a six-headed hydra
 21190 | D:12     | Killed a six-headed hydra
 21204 | D:12     | Found a gate leading to a gauntlet.
 21216 | Gauntlet | Entered a Gauntlet
 21216 | Gauntlet | Found a transporter.
 21216 | Gauntlet | Found a transporter.
 21216 | Gauntlet | Noticed a queen ant
 21314 | Gauntlet | Found a transporter.
 21318 | Gauntlet | Found a transporter.
 21329 | Gauntlet | Found a transporter.
 21330 | Gauntlet | Found a transporter.
 21337 | Gauntlet | Noticed a death ooze
 21338 | Gauntlet | Found a transporter.
 21339 | Gauntlet | Identified the +0 hat of the Zebra {Str+7}
 21353 | Gauntlet | Found a runed translucent door.
 21354 | Gauntlet | Identified the ring "Idirheci" {rElec Int+6 Dex+6 Stlth-}
 21354 | Gauntlet | Found a transporter.
 21355 | Gauntlet | Found a runed translucent door.
 21368 | Gauntlet | Found a transporter.
 21372 | Gauntlet | Found a transporter.
 21384 | Gauntlet | Found a transporter.
 21384 | Gauntlet | Found a transporter.
 21771 | D:4      | Bought a buckler for 112 gold pieces
 21904 | Orc:1    | Entered Level 1 of the Orcish Mines
 21904 | Orc:1    | Noticed Erica
 21905 | Orc:1    | Noticed an orc high priest
 21916 | Orc:1    | Killed Erica
 22694 | Orc:1    | Killed an orc high priest
 22695 | Orc:1    | Reached skill level 10 in Stealth
 22741 | Orc:2    | Entered Level 2 of the Orcish Mines
 22883 | Orc:2    | Noticed an ettin
 22965 | Orc:1    | Killed an ettin
 23829 | Orc:2    | Noticed an orc high priest
 24084 | Orc:2    | Killed an orc high priest
 24237 | Orc:1    | Reached skill level 1 in Shields
 24495 | Orc:2    | Reached XP level 13. HP: 68/68 MP: 28/35
 25406 | Orc:2    | Reached skill level 1 in Throwing
 25419 | Orc:2    | Reached skill level 17 in Spellcasting
 25607 | Orc:2    | Paralysed by an orc sorcerer for 4 turns
 25851 | Orc:2    | Found a staircase to the Elven Halls.
 26116 | Orc:2    | Found Orah's Book Shoppe.
 26116 | Orc:2    | Found Hudevek's General Store.
 26118 | Orc:2    | Found Haitygh's Book Shoppe.
 26118 | Orc:2    | Found Tudabb Ippe's Magic Scroll Boutique.
 26128 | Orc:2    | Bought a scroll of identify for 28 gold pieces
 26128 | Orc:2    | Bought 3 scrolls of identify for 84 gold pieces
 26130 | Orc:2    | Bought the ring "Saugut" {AC+4 Dex+3} for 493 gold pieces
 26133 | Orc:2    | Bought the Handbook of Burning Stones for 840 gold pieces
 26138 | Orc:2    | Learned a level 4 spell: Sticky Flame
 26146 | Orc:2    | Learned a level 7 spell: Orb of Destruction
 26152 | Orc:2    | Learned a level 5 spell: Bolt of Magma
 26607 | Orc:2    | Upgraded the game from 0.27-a0-379-g34d631faf5 to
                  | 0.27-a0-385-g3208abaabc
 26774 | Lair:3   | Found a hide-covered altar of Uskayaw.
 27397 | Lair:3   | Reached ****** piety under Ashenzari
 27399 | Lair:3   | Identified the +5 shortbow "Ojetul" {freeze, rC+ Str+3}
 27424 | Lair:3   | Reached skill level 1 in Fire Magic
 28043 | Lair:4   | Gained mutation: You are occasionally teleported next to
                  | monsters. [potion of mutation]
 28043 | Lair:4   | Gained mutation: You are covered in fur. (AC +1) [potion of
                  | mutation]
 28043 | Lair:4   | Gained mutation: You possess an exceptional clarity of
                  | mind. [potion of mutation]
 28043 | Lair:4   | Gained mutation: You have a pair of small horns on your
                  | head. [potion of mutation]
 28088 | Lair:4   | Found a dark tunnel.
 28106 | Volcano  | Entered a volcano
 28655 | Volcano  | Reached skill level 1 in Earth Magic
 28655 | Volcano  | Lost mutation: You possess an exceptional clarity of mind.
                  | [potion of mutation]
 28655 | Volcano  | Lost mutation: You are occasionally teleported next to
                  | monsters. [potion of mutation]
 28655 | Volcano  | Lost mutation: You have a pair of small horns on your head.
                  | [potion of mutation]
 28655 | Volcano  | Gained mutation: You have a somewhat thin skeletal
                  | structure. (Dex +2, Stealth) [potion of mutation]
 28655 | Volcano  | Gained mutation: You are robust. (+10% HP) [potion of
                  | mutation]
 28943 | Lair:4   | Reached skill level 18 in Spellcasting
 29031 | Lair:4   | Found a staircase to the Shoals.
 30384 | Lair:5   | Reached XP level 14. HP: 79/79 MP: 19/38
 30696 | Lair:5   | Found a runed translucent door.
 30696 | Lair:5   | Found a viscous altar of Jiyva.
 30701 | Lair:5   | Found a staircase to the Slime Pits.
 31169 | Lair:5   | Found a blossoming altar of Fedhas.
 31506 | Lair:5   | Acquired a book of Party Tricks
 31510 | Lair:5   | Learned a level 1 spell: Apportation
 31513 | Lair:5   | Identified the +6 morningstar "Bequl" {vorpal, *Noise Int+3
                  | SInv}
 31587 | Lair:5   | Identified the +2 robe "Nuyfimaf" {Str+3}
 31838 | Lair:6   | Entered Level 6 of the Lair of Beasts
 32003 | Lair:5   | Reached skill level 1 in Hexes
 32063 | Lair:6   | Identified the +3 helmet "Ithrehuz" {+Fly}
 32224 | Lair:6   | Learned a level 4 spell: Cause Fear
 32423 | Lair:6   | Reached skill level 19 in Spellcasting
 33145 | Lair:6   | Acquired the Guide on Companions and the Rocks
 33153 | Lair:6   | Learned a level 5 spell: Borgnjor's Vile Clutch
 33324 | Lair:6   | Reached skill level 1 in Necromancy
 33914 | Lair:6   | Reached skill level 15 in Conjurations
 34167 | Lair:6   | Found a burning altar of Makhleb.
 34172 | Lair:6   | Found a gateway to Hell.
 35089 | Shoals:1 | Entered Level 1 of the Shoals
 35435 | Shoals:1 | Reached XP level 15. HP: 83/83 MP: 25/40
 36486 | Shoals:1 | Reached skill level 20 in Spellcasting
 36626 | Shoals:1 | Identified Zeihirr's Volume of the Excruciating Glacier
 36644 | Shoals:1 | Learned a level 7 spell: Spellforged Servitor
 36882 | Shoals:1 | Identified the +4 dagger of Accidental Termination {vorpal,
                  | rC+ Will+ Stlth+}
 37886 | Shoals:2 | Found Mante's Assorted Antiques.
 37946 | Shoals:2 | Bought a scroll labelled KOIVUOTIUF for 42 gold pieces
 38462 | Shoals:2 | Noticed a kraken
 38481 | Shoals:2 | Killed a kraken
 39148 | Shoals:3 | Reached skill level 5 in Summonings
 40303 | Shoals:3 | Reached skill level 5 in Fire Magic
 40489 | Shoals:4 | Entered Level 4 of the Shoals
 40718 | Shoals:4 | Identified the +7 spear "Laixomn" {vorpal, Will- Str+7
                  | Dex+7}
 41053 | Shoals:4 | Reached skill level 21 in Spellcasting
 41096 | Shoals:4 | Found Jina's Magic Scroll Shop.
 41129 | Shoals:4 | Bought 2 scrolls of identify for 80 gold pieces
 41129 | Shoals:4 | Bought a scroll of identify for 40 gold pieces
 41129 | Shoals:4 | Bought a scroll of identify for 40 gold pieces
 41129 | Shoals:4 | Bought a scroll of identify for 40 gold pieces
 41212 | Shoals:4 | Reached skill level 5 in Earth Magic
 41326 | Shoals:4 | Noticed Ilsuiw
 41541 | Shoals:4 | Killed Ilsuiw
 41542 | Shoals:4 | Reached XP level 16. HP: 91/91 MP: 7/43
 41681 | Shoals:4 | Identified the Catalogue of Mutagenic Flight
 42006 | Shoals:4 | Reached XP level 17. HP: 95/95 MP: 44/44
 42007 | Shoals:4 | Reached XP level 18. HP: 101/101 MP: 45/45
 42986 | Shoals:4 | Learned a level 4 spell: Summon Lightning Spire
 43020 | Shoals:4 | Identified the +4 storm dragon scales of Hospitality {rElec
                  | rC+ rN+ Will-}
 43706 | Shoals:4 | Got a barnacled rune of Zot
 43871 | Snake:1  | Entered Level 1 of the Snake Pit
 44984 | Snake:1  | Learned a level 3 spell: Inner Flame
 45074 | Snake:1  | Upgraded the game from 0.27-a0-385-g3208abaabc to
                  | 0.27-a0-393-gba1aca71f1
 45078 | Snake:1  | Learned a level 3 spell: Lesser Beckoning
 46417 | Snake:2  | Reached skill level 22 in Spellcasting
 47766 | Snake:3  | Found Piax's Jewellery Boutique.
 47805 | Snake:3  | Bought the ring of Cenostry {Int+6 Dex+3 Stlth+} for 1044
                  | gold pieces
 48841 | Snake:3  | Upgraded the game from 0.27-a0-393-gba1aca71f1 to
                  | 0.27-a0-396-g03f4e8edb7
 49009 | Snake:3  | Noticed Roxanne
 49018 | Snake:3  | Learned a level 5 spell: Lee's Rapid Deconstruction
 49022 | Snake:3  | Killed Roxanne
 49117 | Snake:3  | Noticed Azrael
 49148 | Snake:3  | Killed Azrael
 49496 | Snake:3  | Reached skill level 5 in Fighting
 49846 | Snake:3  | Noticed Vashnia
 49865 | Snake:3  | Reached XP level 19. HP: 111/111 MP: 9/47
 50059 | Snake:3  | Noticed Aizul
 50068 | Snake:3  | Killed Aizul
 50344 | Snake:3  | Killed Vashnia
 51225 | Snake:4  | Entered Level 4 of the Snake Pit
 51357 | Snake:4  | Reached skill level 23 in Spellcasting
 52393 | Snake:4  | Found a runed translucent gate.
 52394 | Snake:4  | Found a runed translucent gate.
 52395 | Snake:4  | Found a runed translucent gate.
 52397 | Snake:4  | Noticed Lioguxoh's ghost (adept TeFE)
 52414 | Snake:4  | Killed Lioguxoh's ghost
 53144 | Snake:4  | Learned a level 5 spell: Yara's Violent Unravelling
 56176 | Snake:4  | Got a serpentine rune of Zot
 56630 | D:12     | Noticed Snorg
 56645 | D:12     | Killed Snorg
 56698 | D:12     | Killed Rupert
 56812 | D:12     | Noticed Nessos
 56818 | D:12     | Killed Nessos
 57047 | D:12     | Found a shadowy altar of Dithmenos.
 57373 | D:12     | Upgraded the game from 0.27-a0-396-g03f4e8edb7 to
                  | 0.27-a0-409-gd57800a693
 57496 | D:13     | Found a stormy altar of Qazlal.
 57555 | D:13     | Found Cuhapn's Magic Scroll Boutique.
 57786 | D:13     | Reached skill level 24 in Spellcasting
 57892 | D:13     | Identified the +3 falchion of Animal Spirits {drain, *Noise
                  | Dex+7}
 58272 | D:13     | Reached XP level 20. HP: 119/119 MP: 50/50
 59830 | D:14     | Found a gate to the Vaults.
 60182 | Vaults:1 | Entered Level 1 of the Vaults
 60275 | Vaults:1 | Found Tubaam's Jewellery Shoppe.
 60305 | Vaults:1 | Found Miritarepro's Book Shop.
 60373 | Vaults:1 | Reached skill level 10 in Summonings
 60516 | Vaults:1 | Found a huge runed gate.
 60516 | Vaults:1 | Found a huge runed gate.
 60516 | Vaults:1 | Found a huge runed gate.
 60517 | Vaults:1 | Found a huge runed gate.
 60517 | Vaults:1 | Found a huge runed gate.
 60517 | Vaults:1 | Found a huge runed gate.
 60517 | Vaults:1 | Found a huge runed gate.
 60517 | Vaults:1 | Found a huge runed gate.
 60517 | Vaults:1 | Found a huge runed gate.
 60520 | Vaults:1 | Found a huge runed gate.
 60520 | Vaults:1 | Found a huge runed gate.
 60520 | Vaults:1 | Found a huge runed gate.
 60520 | Vaults:1 | Found a huge runed gate.
 60520 | Vaults:1 | Found a huge runed gate.
 60520 | Vaults:1 | Found a huge runed gate.
 60520 | Vaults:1 | Found a huge runed gate.
 60535 | Vaults:1 | Found a huge runed gate.
 60601 | Vaults:1 | Found a huge runed gate.
 60602 | Vaults:1 | Found a huge runed gate.
 60610 | Vaults:1 | Found a huge runed gate.
 60610 | Vaults:1 | Found a huge runed gate.
 60610 | Vaults:1 | Found a huge runed gate.
 60610 | Vaults:1 | Found a huge runed gate.
 60610 | Vaults:1 | Found a huge runed gate.
 60610 | Vaults:1 | Found a huge runed gate.
 60611 | Vaults:1 | Found a huge runed gate.
 60640 | Vaults:1 | Found a huge runed gate.
 60641 | Vaults:1 | Found a huge runed gate.
 60650 | Vaults:1 | Found a huge runed gate.
 60650 | Vaults:1 | Found a huge runed gate.
 60650 | Vaults:1 | Found a huge runed gate.
 60650 | Vaults:1 | Found a huge runed gate.
 60650 | Vaults:1 | Found a huge runed gate.
 60650 | Vaults:1 | Found a huge runed gate.
 60651 | Vaults:1 | Found a huge runed gate.
 60652 | Vaults:1 | Found a huge runed gate.
 61807 | Vaults:1 | Found Kokeuhuco's Jewellery Boutique.
 62492 | Vaults:2 | Found a magical portal.
 62495 | WizLab   | Entered The Chambers of the Cloud Mage
 63232 | WizLab   | Upgraded the game from 0.27-a0-409-gd57800a693 to
                  | 0.27-a0-412-g8dd771eca2
 63592 | WizLab   | Identified the Guide on Weightlessness
 63592 | WizLab   | Identified the Compendium of Shifting Necromancy
 63592 | WizLab   | Identified the ring of Satisfaction {+Fly rElec Will+
                  | Stlth-}
 63800 | Vaults:2 | Learned a level 3 spell: Summon Guardian Golem
 65851 | Vaults:2 | Reached skill level 25 in Spellcasting
 66024 | Vaults:2 | Reached XP level 21. HP: 128/128 MP: 32/52
 66527 | Vaults:2 | Found a staircase to the Crypt.
 66817 | Vaults:2 | Upgraded the game from 0.27-a0-412-g8dd771eca2 to
                  | 0.27-a0-998-g4cfe56dd59
 66817 | Vaults:2 | Quit the game

Illustrated notes

Levels and vault maps discovered:
D:1:      dpeg_arrival_solitude, layout_basic, kennysheep_nondescript,
          amcnicky_mini_corridor_feature
D:2:      layout_loops_ring, nemelex_xobeh_ov_fountains_minmay,
          chequers_ecumenical_altar_simple_redux, serial_forest,
          infiniplex_forest_lined_2, infiniplex_forest_pool,
          infiniplex_forest_clump_small, infiniplex_forest_straight_1,
          infiniplex_forest_end_2, infiniplex_forest_straight_1
D:3:      layout_basic, minmay_misc_feat_rows, uniq_jessica, uniq_sigmund
D:4:      cheibrodos_quashed, layout_rooms, yredelemnul_altar_generic,
          minmay_temple_entry_hall, serial_shops, nicolae_shop_behind_doors
D:5:      layout_layer_cave, tso_metal_star, gammafunk_ghost_smash,
          kennysheep_cluttered_room, kennysheep_generic_room_2
D:6:      minmay_spotlight, layout_gridville, lemuel_blue_sif_altar
D:7:      layout_loops_ring, lemuel_crystal_altar
D:8:      layout_loops_ring, basic_altar
D:9:      layout_irregular_city, due_lair_maze_entry_diamond,
          gammafunk_ghost_berserking_beasts, minmay_quadrilaterals
D:10:     layout_long_grid, gammafunk_ghost_hive, minmay_misc_feat_cross,
          hangedman_decor_growths
D:11:     layout_roguey, david_orc_3, gammafunk_ghost_berserking_beasts,
          serial_bayou_pond_a
D:12:     layout_roguey, basic_altar, gauntlet_entry_generic, uniq_snorg,
          uniq_rupert, uniq_nessos
D:13:     layout_stronghold, serial_shops, shop, basic_altar
D:14:     layout_loops_ring, grunt_vaults_entry_fortified, nicolae_water_bricks,
          kennysheep_crisscross
Temple:   minmay_temple_bridge_d
Lair:1:   layout_gridlike
Lair:2:   layout_cave_pods, guppyfry_snake_entry_garden, grunt_megastairs_4,
          lemuel_fruit_tree, infiniplex_staircase_pool
Lair:3:   layout_hall_layers, wad_woods_road_01, lemuel_oklob_altar
Lair:4:   layout_gridlike, minmay_shoals_entry_lonely_mermaid,
          nicolae_volcano_entry_vermiform, kilobyte_rumbling_trees
Lair:5:   nzn_winding_woodlands_three_and_one
          [nzn_winding_woodlands_5x15_default,
          nzn_winding_woodlands_5x15_river_crossing,
          nzn_winding_woodlands_5x15_pathside_ponds,
          nzn_winding_woodlands_center_triple_pond], layout_regular_city,
          slime_altar_2, tgw_fedhas, serial_bayou_shore_b
Lair:6:   evil_forest, layout_misc_corridors
Shoals:1: layout_shoals, nicolae_shoals_siren_and_animal_friends
Shoals:2: layout_shoals, serial_shops, shop
Shoals:3: layout_shoals
Shoals:4: shoals_end_simple, layout_shoals, shoals_ilsuiw_alternative,
          serial_shops, shop, nicolae_shoals_arrival_archipelago
Snake:1:  layout_chambers, grunt_megastairs_2, serial_bayou_shore_b,
          serial_bayou_shore_a
Snake:2:  kennysheep_six_static_rooms, layout_onion_interference
Snake:3:  layout_chambers, serial_shops, shop, grunt_ministairs_7,
          nrook_loot_triangle, uniq_roxanne, uniq_vashnia, uniq_azrael,
          uniq_aizul
Snake:4:  snake_pit_salamanders_mu, layout_layer_cave, ebering_ghost_rock_garden
Orc:1:    layout_diamond_mine, uniq_erica
Orc:2:    grunt_orc_tribal_feast, layout_caves, portal_ice_cave_entry_imps
Vaults:1: nicolae_vaults_little_squares_4, v_misc_5, v_pattern_4,
          hangedman_vaults_stream, nicolae_vaults_big_ls,
          nicolae_vaults_little_squares_1, vaults_dpeg_ring, v_misc_16,
          v_misc_14, v_misc_12, vaults_not_door_vault_mu,
          ontoclasm_vaults_ring_large, hangedman_vaults_trim,
          ontoclasm_vaults_twist, layout_vaults_ring, serial_shops,
          nicolae_shop_waterfront, shop, nicolae_shop_behind_doors
Vaults:2: ontoclasm_vaults_eye, ontoclasm_vaults_shuriken,
          grunt_vaults_hallway_long, vaults_room_semicircle,
          nicolae_vaults_statue_guard, vaults_standard_mumra_x,
          hangedman_vaults_snaps, vaults_room_large_hall,
          minmay_crypt_entry_simple_corners, nicolae_vaults_little_squares_4,
          v_alt_pattern_2, hangedman_vaults_impose, hangedman_vaults_hat,
          hangedman_vaults_variations, layout_vaults_maze_bifur,
          mu_enter_wizlab_7

Skill      XL: |  1  2  3  4  5  6  7  8  9 10 11 12 13 14 15 16 17 18 19 20 |
---------------+-------------------------------------------------------------+-----
Spellcasting   | 5 6 7 8 10 12 13 15 16 18 19 21 22 24 25 | 25.1
Stealth        | 3 4 5 6 8 9 10 11 12 13 | 13.7
Short Blades   | 1 2 3 5 6 7 |  7.7
Conjurations   | 2 3 4 6 8 9 11 12 14 15 16 17 | 17.6
Dodging        | 3 4 5 6 7 8 |  8.8
Fighting       | 1 2 3 5 6 8 |  8.4
Translocations | 2 3 4 |  4.8
Air Magic      | 1 2 3 |  3.5
Poison Magic   | 1 2 3 0 |  0.0
Shields        | 1 2 3 4 |  4.1
Throwing       | 1 2 |  2.6
Fire Magic     | 2 3 5 6 7 8 |  8.3
Earth Magic    | 1 3 5 6 7 8 |  8.3
Hexes          | 3 7 8 |  8.0
Necromancy     | 2 3 |  3.2
Summonings     | 3 6 8 9 11 | 11.1
Evocations     | 6 |  6.3
Transmutations | |  0.5

Action                   |  1- 3 |  4- 6 |  7- 9 | 10-12 | 13-15 | 16-18 | 19-21 || total
-------------------------+-------+-------+-------+-------+-------+-------+-------++-------
Melee: Dagger            |    55 |    70 |   250 |   411 |   380 |   163 |   339 ||  1668
       Headbutt          |       |       |       |       |     6 |       |       ||     6
Throw: Dart              |       |       |     4 |    14 |    27 |     4 |    23 ||    72
 Cast: Magic Dart        |    87 |   123 |   252 |   446 |   429 |   151 |   226 ||  1714
       Call Imp          |       |     4 |     5 |       |       |       |       ||     9
       Blink             |       |     1 |     7 |    10 |    13 |     1 |     2 ||    34
       Mephitic Cloud    |       |       |    12 |    54 |    25 |     5 |     9 ||   105
       Conjure Flame     |       |       |     6 |    17 |     3 |     1 |       ||    27
       Iskenderun's Batt |       |       |     7 |    71 |   149 |    60 |   122 ||   409
       Bolt of Magma     |       |       |       |       |   203 |    99 |   235 ||   537
       Sticky Flame      |       |       |       |       |    36 |    31 |    53 ||   120
       Cause Fear        |       |       |       |       |     1 |     2 |       ||     3
       Spellforged Servi |       |       |       |       |     5 |    16 |    32 ||    53
       Summon Lightning  |       |       |       |       |       |     9 |    22 ||    31
       Lee's Rapid Decon |       |       |       |       |       |     4 |    20 ||    24
       Borgnjor's Vile C |       |       |       |       |       |     2 |    18 ||    20
       Orb of Destructio |       |       |       |       |       |     1 |       ||     1
       Lesser Beckoning  |       |       |       |       |       |     1 |       ||     1
       Yara's Violent Un |       |       |       |       |       |       |    11 ||    11
       Summon Guardian G |       |       |       |       |       |       |     3 ||     3
Invok: Curse Item        |       |       |     3 |     1 |     8 |     1 |     2 ||    15
       No ability        |       |       |       |       |       |     1 |       ||     1
       No ability        |       |       |       |       |       |       |     1 ||     1
 Abil: Evoke Flight      |       |       |       |       |       |       |     3 ||     3
       Stop Flying       |       |       |       |       |       |       |     1 ||     1
Evoke: Wand              |       |     1 |     3 |       |       |    10 |     7 ||    21
       Lightning rod     |       |       |       |     3 |       |     5 |       ||     8
       Phial of floods   |       |       |       |       |       |     1 |     1 ||     2
  Use: Scroll            |       |     6 |     3 |     6 |     5 |    10 |     5 ||    35
       Potion            |       |       |       |     1 |     2 |     3 |     1 ||     7
 Stab: Sleeping          |     5 |     5 |     9 |    17 |    38 |    13 |    86 ||   173
       Confused          |       |       |     8 |    34 |    23 |     4 |    11 ||    80
       Distracted        |       |       |       |       |     2 |     2 |     4 ||     8
       Paralysed         |       |       |       |       |       |     1 |       ||     1
Armor: Robe              |    14 |    23 |    59 |    76 |    48 |    16 |    41 ||   277
Dodge: Dodged            |    48 |    64 |   210 |   256 |   173 |   121 |   210 ||  1082
Block: Buckler           |       |       |       |    57 |   146 |   107 |   212 ||   522
       Other             |       |       |       |    11 |       |       |       ||    11
       Reflection        |       |       |       |     9 |    14 |    11 |    33 ||    67

Table legend: (Time is in decaauts)
 A = Elapsed time spent in this place.
 B = Non-inter-level travel time spent in this place.
 C = Inter-level travel time spent in this place.
 D = Time resting spent in this place.
 E = Time spent auto-exploring this place.
 F = Levels seen in this place.
 G = Mean time per level.
                   A        B        C        D        E       F      G
               +--------+--------+--------+--------+--------+-----+--------+
         Total |  66537 |  63437 |   3100 |   8715 |  44711 |  36 | 1848.2 |
       Dungeon |  21574 |  20239 |   1335 |   1877 |  14974 |  14 | 1541.0 |
        Temple |    367 |    223 |    144 |      0 |    222 |   1 |  367.0 |
          Lair |  12162 |  11341 |    821 |   1224 |   8309 |   6 | 2027.0 |
        Shoals |   8736 |   8544 |    192 |    649 |   6814 |   4 | 2184.0 |
     Snake Pit |  12211 |  11772 |    439 |   2455 |   7629 |   4 | 3052.8 |
  Orcish Mines |   3988 |   3877 |    111 |   1597 |   1632 |   2 | 1994.0 |
        Vaults |   5254 |   5198 |     56 |    114 |   4068 |   2 | 2627.0 |
       Volcano |    646 |    646 |      0 |    461 |     82 |   1 |  646.0 |
        Wizlab |   1289 |   1289 |      0 |    337 |    702 |   1 | 1289.0 |
      Gauntlet |    305 |    305 |      0 |      0 |    277 |   1 |  305.0 |
               +--------+--------+--------+--------+--------+-----+--------+

Top non-repeatable levels by time:
 Snake:4: 4903 daAuts
 Snake:3: 3954 daAuts
Shoals:4: 3347 daAuts
Vaults:2: 3035 daAuts
  Lair:6: 2848 daAuts
  Lair:5: 2318 daAuts
Shoals:1: 2229 daAuts
Vaults:1: 2219 daAuts
  Lair:2: 2204 daAuts
    D:11: 2201 daAuts
     D:5: 2195 daAuts
   Orc:2: 2007 daAuts
   Orc:1: 1981 daAuts
  Lair:1: 1909 daAuts
     D:9: 1847 daAuts
